AoeStats
← AOKI_GworK

Arabia

510289723Analyzed
1v1 RM · 1d ago on Sep 30, 2026· 60m 47s· 2 players
Game mode
Random Map
Map size
Tiny (2 player)
Population
200
Speed
Normal
Resources
Standard
Victory
Conquest
Starting age
Dark Age
Ending age
Imperial Age
RankedLock teamsTeams togetherTeam positionsShared explorationLock speedFull tech treeHidden civsTurbo modeCheats
Victory
Defeat
🇦🇷 Wei · Argentina
1963
+10
🇫🇷 Britons · France
1827
-10
[AirBo]空氣包
6:20 Loom
9:12 Feudal Age
10:56 Double-Bit Axe
11:49 Town Watch
14:57 Fletching
18:22 Wheelbarrow
17:49 Padded Archer Armor
17:26 Man-at-Arms
22:16 Castle Age
22:23 Elite Skirmisher
23:40 Bodkin Arrow
24:09 Bow Saw
24:42 Leather Archer Armor
29:12 Stone Mining
29:52 Ballistics
34:28 Hand Cart
34:50 Horse Collar
39:23 Imperial Age
37:50 Scale Barding Armor
38:27 Heavy Plow
40:05 Bracer
40:30 Chain Barding Armor
40:24 Bracer
40:53 Conscription
41:26 Ring Archer Armor
42:24 Husbandry
42:34 Bloodlines
44:20 Crop Rotation
44:11 Chain Barding Armor
48:54 Forging
49:04 Tuntian
49:16 Gold Mining
50:20 Iron Casting
49:07 Light Cavalry
54:16 Ming Guang Armor
54:54 Elite Tiger Cavalry
AOKI_GworK
6:25 Loom
8:49 Feudal Age
8:52 Man-at-Arms
12:15 Double-Bit Axe
13:57 Fletching
15:08 Padded Archer Armor
14:49 Horse Collar
22:43 Castle Age
21:44 Gold Mining
23:47 Wheelbarrow
22:49 Crossbowman
23:29 Bodkin Arrow
25:08 Heavy Plow
25:21 Bow Saw
27:26 Town Watch
29:33 Ballistics
33:13 Hand Cart
32:58 Stone Mining
36:20 Imperial Age
35:18 Gold Shaft Mining
38:07 Chemistry
38:04 Bracer
38:36 Elite Skirmisher
38:50 Arbalester
44:54 Yeomen
44:56 Leather Archer Armor
46:13 Scale Barding Armor
46:38 Ring Archer Armor
46:33 Conscription
48:03 Chain Barding Armor
47:54 Forging
48:34 Light Cavalry
49:14 Husbandry
51:12 Plate Barding Armor
51:12 Iron Casting
55:29 Capped Ram
57:33 Blast Furnace
Connection lost

Rejoining the realm…

Still unreachable

The connection could not be restored.

Session expired

The server has moved on; the page needs a fresh start.